Map: Undercurrent LE

Players

DarkPassengr

  • Race: Terran Terran
  • League: Platinum
  • Spawn Location: 7:00

demonhunter

  • Race: Protoss Protoss
  • Spawn Location: 7:00

GringoSlayer - Winner!

  • Race: Terran Terran
  • League: Gold
  • Spawn Location: 3:00

ScreaMnEagle - Winner!

  • Race: Protoss Protoss
  • League: Gold
  • Spawn Location: 1:00

VOD

Have the link to the VOD?

Description

Time

  • Played on: Jan. 25, 2025, 4:44 p.m.
  • Length: 13:25
Show
View Real Time Build Order
Export as new Build Order

DarkPassengr Terran 

Build Orders:  

Get SALT Encoding   

  12  0:00  SCV  
  13  0:12  SCV  
  14  0:18  Supply Depot  
  14  0:24  SCV  
  15  0:31  Refinery  
  15  0:40  SCV  
  16  0:45  Barracks  
  16  0:52  SCV  
  17  1:07  SCV  
  18  1:19  SCV  
  19  1:29  Supply Depot  
  19  1:31  SCV  
  20  1:37  Reaper  
  21  1:45  Command Center  
  21  1:58  Orbital Command  
  21  2:11  Factory  
  21  2:13  Barracks Tech Lab  
  19  2:40  Marauder  
  19  2:43  SCV  
  18  2:55  SCV  
  18  3:01  Marauder  
  18  3:23  Marauder  
  18  3:32  Factory Tech Lab  
  16  3:44  Marauder  
  18  3:54  SCV  
  19  4:06  SCV  
  19  4:09  Marine  
  21  4:16  Siege Tank  
  24  4:18  SCV  
  25  4:30  SCV, Command Center  
  26  4:42  SCV  
  27  4:55  SCV  
  27  4:58  Refinery  
  28  5:00  Cyclone  
  31  5:13  Supply Depot  
  31  5:32  Supply Depot  
  31  5:34  Marine, SCV  
  33  5:36  Starport  
  29  5:52  Marine  
  29  6:11  Orbital Command  
  29  6:18  Starport Reactor  
  29  6:28  SCV  
  30  6:33  Marine  
  30  6:37  Orbital Command  
  31  6:40  SCV  
  32  6:51  Marine  
  32  6:52  SCV  
  34  6:57  Engineering Bay  
  34  6:58  Medivac  
  36  7:04  SCV  
  36  7:06  SCV  
  38  7:13  Medivac  
  40  7:16  SCV  
  40  7:18  SCV  
  42  7:29  SCV  
  43  7:35  SCV  
  44  7:39  Refinery  
  44  7:41  SCV  
  44  7:42  Refinery  
  45  7:48  SCV  
  45  7:50  Marauder  
  48  7:53  SCV  
  49  8:00  SCV  
  49  8:05  SCV  
  35  8:11  Marauder  
  35  8:12  SCV  
  36  8:17  SCV  
  30  8:26  Liberator  
  17  8:40  SCV  
  18  8:52  SCV  
  11  9:04  SCV  
  9  9:16  SCV  
  9  9:29  SCV  
  10  9:37  Liberator  
  13  9:41  SCV  
  14  9:53  SCV  
  15  10:02  Barracks  
  15  10:15  SCV  
  16  10:27  SCV  
  17  10:36  Starport Reactor  
  17  10:39  SCV  
  17  10:41  Refinery  
  18  10:51  SCV, Barracks Reactor  
  19  11:03  SCV  
  20  11:14  Liberator  
  20  11:15  SCV  
  24  11:26  Sensor Tower  
  24  11:28  SCV  
  25  11:42  SCV  
  26  11:55  Marine x2  
  26  11:59  Viking  
  30  12:11  SCV  
  30  12:12  Marine  
  32  12:23  SCV  
  33  12:31  Viking  
  33  12:35  SCV  
Show
View Real Time Build Order
Export as new Build Order

demonhunter Protoss 

Build Orders: Nexus First 

Get SALT Encoding   

  12  0:01  Probe  
  13  0:15  Probe, Pylon  
  14  0:24  Probe  
  15  0:34  Probe  
  16  0:46  Probe  
  17  1:02  Nexus  
  17  1:05  Probe  
  18  1:11  Assimilator  
  18  1:15  Probe  
  18  1:16  Assimilator  
  18  1:23  Probe  
  20  1:42  Forge  
  20  1:52  Probe  
  21  1:59  Pylon  
  21  2:04  Probe  
  21  2:06  Gateway  
  22  2:11  Probe  
  23  2:19  Probe  
  23  2:29  Probe  
  24  2:33  Photon Cannon  
  25  2:38  Photon Cannon  
  25  2:41  Probe  
  26  2:45  Pylon  
  26  2:48  Assimilator  
  26  2:53  Probe  
  26  2:58  Cybernetics Core  
  27  3:16  Probe  
  28  3:24  Probe  
  29  3:38  Stargate  
  29  3:39  Stalker  
  29  3:40  Stargate  
  31  3:49  Probe  
  32  3:58  Photon Cannon  
  32  4:01  Probe  
  33  4:09  Assimilator  
  33  4:13  Probe  
  42  4:25  Probe  
  42  4:29  Void Ray x2  
  43  4:33  Probe  
  44  4:41  Fleet Beacon  
  44  4:42  Probe  
  45  4:54  Probe  
  46  5:06  Probe  
  51  5:15  Void Ray  
  51  5:18  Probe  
  51  5:20  Pylon  
  52  5:24  Pylon  
  52  5:27  Probe  
  52  5:35  Probe  
  58  5:44  Void Ray  
  58  5:45  Probe  
  59  5:52  Flux Vanes  
  63  5:57  Probe  
  63  5:59  Void Ray  
  56  6:12  Probe  
  56  6:18  Protoss Shields Level 1  
  57  6:24  Probe  
  62  6:27  Void Ray  
  62  6:35  Protoss Air Weapons Level 1  
  62  6:36  Probe  
  57  6:44  Probe  
  52  6:52  Probe  
  51  6:55  Probe  
  53  7:02  Probe  
  53  7:04  Probe  
  55  7:13  Probe  
  55  7:14  Probe  
  65  7:25  Void Ray x2, Probe  
  65  7:26  Probe  
  69  8:36  Void Ray  
  61  8:48  Void Ray  
  60  9:19  Void Ray  
  60  9:52  Nexus  
  56  10:07  Pylon  
  56  10:10  Pylon  
  56  10:11  Pylon  
  56  10:17  Assimilator  
  56  10:21  Probe  
  65  10:30  Probe  
  65  10:31  Void Ray  
  65  10:33  Void Ray  
  65  10:34  Photon Cannon  
  66  10:36  Photon Cannon  
  66  10:38  Photon Cannon  
  66  10:42  Probe  
  67  10:43  Cybernetics Core  
  67  10:47  Assimilator  
  67  10:48  Pylon  
  67  10:51  Pylon  
  67  10:55  Pylon  
  67  10:58  Pylon  
  67  11:01  Probe, Pylon  
  67  11:09  Probe  
  72  11:12  Probe  
  72  11:14  Void Ray  
  74  11:19  Probe  
  74  11:20  Probe  
  80  11:25  Void Ray  
  80  11:29  Probe  
  77  11:41  Probe  
  78  11:53  Probe, Twilight Council  
  79  12:00  Void Ray  
  79  12:01  Cybernetics Core  
  83  12:03  Stargate  
  83  12:06  Probe, Stargate  
  83  12:08  Stargate  
  84  12:11  Stargate  
  84  12:13  Stargate  
  84  12:15  Probe  
  85  12:23  Probe  
  86  12:32  Probe  
  86  12:35  Pylon  
  63  12:44  Probe  
  52  12:56  Probe  
Show
View Real Time Build Order
Export as new Build Order

GringoSlayer Terran - Winner!

Build Orders:  

Get SALT Encoding   

  12  0:01  SCV  
  13  0:16  Supply Depot  
  13  0:46  Barracks x2  
  13  0:54  Refinery  
  13  1:00  Refinery  
  13  1:04  SCV  
  14  1:17  SCV  
  15  1:29  SCV  
  16  1:36  Reaper  
  18  1:40  Reaper  
  18  1:58  Factory  
  18  2:12  Marine  
  19  2:37  Marine x2  
  21  2:50  Orbital Command  
  21  2:51  Factory Tech Lab  
  21  2:55  Marine x2  
  23  3:39  Starport  
  23  3:41  Starport  
  16  3:57  SCV  
  18  4:16  Liberator  
  21  4:17  Liberator  
  23  4:25  SCV  
  23  4:27  Supply Depot  
  24  4:37  SCV  
  25  4:58  Engineering Bay  
  25  4:59  Liberator  
  28  5:00  Liberator  
  31  5:07  SCV  
  32  5:19  SCV  
  33  5:40  Missile Turret  
  33  5:50  Command Center  
  33  6:07  Starport Tech Lab  
  33  6:08  Starport Tech Lab  
  33  6:11  Fusion Core  
  27  6:14  SCV  
  27  6:17  Missile Turret  
  28  6:26  SCV  
  29  6:38  SCV, Siege Tank  
  30  6:53  SCV  
  28  7:05  SCV  
  29  7:13  Battlecruiser  
  35  7:15  Missile Turret  
  35  7:17  SCV  
Show
View Real Time Build Order
Export as new Build Order

ScreaMnEagle Protoss - Winner!

Build Orders: 1 Gate Expand 

Get SALT Encoding   

  12  0:00  Probe  
  13  0:12  Probe  
  14  0:21  Pylon  
  14  0:28  Probe  
  15  0:38  Probe  
  15  0:40  Gateway  
  16  0:45  Assimilator  
  16  1:04  Probe  
  17  1:12  Probe  
  18  1:22  Probe  
  19  1:43  Nexus  
  19  1:50  Probe  
  19  1:53  Assimilator  
  20  1:55  Pylon  
  20  2:02  Probe  
  21  2:14  Probe  
  22  2:16  Cybernetics Core  
  22  2:24  Pylon  
  22  2:27  Probe  
  23  2:32  Warp Gate  
  23  2:39  Probe  
  24  2:50  Probe  
  25  2:58  Probe x2  
  26  3:03  Robotics Facility  
  26  3:04  Twilight Council  
  27  3:06  Probe  
  27  3:07  Forge  
  27  3:10  Probe  
  29  3:14  Pylon  
  29  3:20  Pylon  
  29  3:24  Stalker  
  29  3:25  Probe x2  
  33  3:37  Probe  
  33  3:39  Gateway  
  34  3:44  Gateway  
  34  4:06  Immortal  
  34  4:10  Protoss Ground Weapons Level 1, Probe x2  
  34  4:12  Charge, Assimilator  
  34  4:16  Assimilator  
  40  4:26  Stalker  
  42  4:35  Probe x2  
  44  4:44  Immortal  
  48  4:46  Stalker  
  48  4:47  Probe x2, Zealot  
  54  4:52  Zealot  
  54  4:59  Probe  
  57  5:06  Probe  
  58  5:11  Probe  
  58  5:14  Pylon  
  59  5:15  Immortal  
  59  5:18  Probe  
  60  5:23  Probe  
  65  5:30  Probe  
  65  5:33  Gateway  
  65  5:34  Gateway  
  65  5:35  Probe, Pylon  
  67  5:38  Stalker  
  67  5:42  Probe  
  70  5:47  Probe  
  70  5:49  Gateway  
  71  5:59  Nexus  
  71  6:18  Probe x2  
  73  6:19  Zealot  
  73  6:20  Zealot x2  
  79  6:38  Stargate  
  79  6:40  Stargate  
  79  6:42  Stargate  
  79  6:44  Stargate  
  79  6:47  Pylon x2  
  79  6:48  Warp Prism  
  81  6:56  Protoss Air Weapons Level 1  
  81  7:08  Templar Archives  
  81  7:10  Zealot x4  
  81  7:11  Zealot  
  91  7:31  Void Ray x3  
  103  7:56  Stalker x6  
  115  8:03  Shield Battery  
  107  8:20  Stalker x5  
  113  8:29  Pylon x2  
  91  9:19  Stalker x4  
  91  9:20  Stalker x2  
  99  9:29  Void Ray x4  
  99  9:30  Gateway x2  
  93  9:33  Protoss Air Armor Level 1, Pylon  
  93  9:35  Pylon  
  93  9:36  Nexus  
  109  9:56  High Templar x5  
  109  9:57  High Templar  
  121  10:00  Archon x2  
  121  10:01  Archon  
  121  10:04  Assimilator  
  125  10:12  Void Ray  
  125  10:18  Dark Shrine  
  125  10:26  Shield Battery  
  125  10:27  Probe x2  
  127  10:31  Stalker x5  
  137  10:42  Assimilator  
  137  10:45  Pylon  
  137  10:50  Probe x4  
  137  10:52  Void Ray  
  137  10:53  Void Ray  
  145  11:02  Probe  
  146  11:36  Stalker x5  
  146  11:37  Stalker x3  
  150  12:10  Nexus  
  150  12:12  Assimilator, Pylon  
  150  12:15  Pylon  
  150  12:16  Probe x2, Assimilator  
  136  13:13  Dark Templar x7  
  136  13:14  Dark Templar  
Tags
 
Add a new tag
Caveats
  • Supply blocks, unpowered buildings, or Contaminate may cause inaccurate times.
  • Supply counts are checked every 10 seconds.